 Dungeon Crawl Stone Soup version 0.22-a0-551-g3b2bdd4ba6 (webtiles) character file.

2858 8fpsbossfight the Grappler (level 9, -10/80 (81) HPs)
             Began as a Ghoul Monk on June 25, 2018.
             Was a Priest of Ru.
             Mangled by a swamp worm (18 damage)
             ... on level 8 of the Dungeon.
             The game lasted 00:16:21 (9273 turns).

8fpsbossfight the Grappler (Ghoul Monk)             Turns: 9273, Time: 00:16:22

HP:   -10/80 (81)   AC:  7    Str: 15    XL:     9   Next: 75%
MP:   8/8           EV: 10    Int:  5    God:    Ru [***...]
Gold: 382           SH:  9    Dex: 14    Spells: 8/8 levels left

rFire    x . .     SeeInvis .     - Unarmed
rCold    . . .     Gourm    .   a - +0 shield
rNeg     + + +     Faith    .   b - +0 ring mail
rPois    ∞         Spirit   .   n - +0 helmet
rElec    .         Reflect  .   (no cloak)
rCorr    .         Harm     .   (no gloves)
MR       .....                  (no boots)
Stlth    +.........             (no amulet)
HPRegen  0.00/turn              (no ring)
MPRegen  0.11/turn              (no ring)

@: no scrolls, rotting, hasted, very quick
A: rotting body, claws 1, carnivore, cold resistance 1, negative energy
resistance 3, inhibited regeneration, torment resistance, unbreathing, inability
to read while threatened, temperature sensitive
a: Draw Out Power, Renounce Religion


You were on level 8 of the Dungeon.
You worshipped Ru.
Ru was most pleased with you.
You were hungry.

You visited 2 branches of the dungeon, and saw 9 of its levels.

You collected 382 gold pieces.

Inventory:

Hand Weapons
 v - a +4 hunting sling
   (You took it off a gnoll on level 5 of the Dungeon)
 L - the +8 frozen axe "Frostbite" {freezing cloud, *Noise +Fly rC+}
   (You found it on level 8 of the Dungeon)

   It has been specially enchanted to freeze those struck by it, causing extra
   injury to most foes and up to half again as much damage against particularly
   susceptible opponents.
   It can also slow down cold-blooded creatures.
   It protects you from cold.
   It lets you fly.
   It may make noises in combat.
Armour
 a - a +0 shield (worn)
   (You took it off a hobgoblin on level 3 of the Dungeon)
 b - a +0 ring mail (worn)
   (You found it on level 1 of the Dungeon)
 n - a +0 helmet (worn)
   (You took it off Robin on level 3 of the Dungeon)
 z - a +0 pair of boots
   (You found it on level 7 of the Dungeon)
Jewellery
 f - an uncursed ring of wizardry {unknown}
   (You found it on level 2 of the Dungeon)
 g - an uncursed amulet of rage {unknown}
   (You found it on level 2 of the Dungeon)
 o - an uncursed ring of poison resistance {unknown}
   (You took it off a goblin on level 3 of the Dungeon)
 p - an uncursed amulet of guardian spirit {unknown}
   (You took it off a hobgoblin on level 3 of the Dungeon)
 y - an uncursed ring of protection from magic {unknown}
   (You found it on level 6 of the Dungeon)
 D - an uncursed amulet of regeneration {unknown}
   (You found it on level 8 of the Dungeon)
Wands
 c - a wand of disintegration (5)
   (You found it on level 4 of the Dungeon)
 d - a wand of iceblast (11)
   (You found it on level 8 of the Dungeon)
 t - a wand of flame (11)
   (You took it off a kobold on level 5 of the Dungeon)
 J - a wand of scattershot (4)
   (You found it on level 8 of the Dungeon)
Scrolls
 h - 3 scrolls of fog {unknown}
 i - 8 scrolls of remove curse {unknown}
 l - 10 scrolls of identify {unknown}
 m - a scroll of blinking {unknown}
 q - a scroll of enchant weapon {unknown}
 r - 3 scrolls of immolation {unknown}
 s - 2 scrolls of magic mapping {unknown}
 A - a scroll of enchant armour {unknown}
 B - a scroll of noise {unknown}
 F - 2 scrolls of teleportation {unknown}
 G - a scroll of vulnerability {unknown}
 K - a scroll of silence {unknown}
Potions
 j - 2 potions of flight {unknown}
 k - 2 potions of magic {unknown}
 u - 3 potions of brilliance {unknown}
 w - 2 potions of curing {@q1}
 C - a potion of cancellation {unknown}
 E - a potion of invisibility {unknown}
 H - a potion of resistance {unknown}
Comestibles
 e - 18 rations
 x - 2 chunks of flesh


   Skills:
 - Level 8.0 Fighting
 + Level 4.0 Armour
 - Level 4.0 Dodging
 - Level 2.1 Stealth
 - Level 4.0 Shields
 - Level 10.0 Unarmed Combat


You had 8 spell levels left.
You didn't know any spells.
Your spell library contained the following spells:

 Spells                   Type           Power        Failure   Level  Hunger
 Fireball                 Conj/Fire      #.........   100%        5    ######.
 Conjure Flame            Conj/Fire      #.......     100%        3    ####...
 Throw Flame              Conj/Fire      #.....       99%         2    ###....
 Sticky Flame             Conj/Fire      #.......     100%        4    #####..
 Flame Tongue             Conj/Fire      #....        99%         1    ##.....
 Inner Flame              Hex/Fire       #.......     100%        3    ####...


Dungeon Overview and Level Annotations

Branches:
Dungeon (8/15)             Temple (1/1) D:5
   Lair: D:8-11

Altars:
Ashenzari
Cheibriados
Elyvilon
Fedhas
Gozag
Hepliaklqana
Kikubaaqudgha
Makhleb
Nemelex Xobeh
Okawaru
Qazlal
Ru
Sif Muna
Trog
Uskayaw
Vehumet
Wu Jian
Xom
Yredelemnul
Zin
The Shining One


Innate Abilities, Weirdness & Mutations

Your body is rotting away.
You thrive on raw meat.
You are immune to poison.
You have sharp fingernails.
You are carnivorous and can eat meat at any time.
Your flesh is cold resistant. (rC+)
You are immune to negative energy. (rN+++)
You do not regenerate when monsters are visible.
You are immune to unholy pain and torment.
You can survive without breathing.
You cannot read scrolls while threatened.
You are sensitive to extremes of temperature. (rF-, rC-)


Message History

There are monsters nearby!
There are monsters nearby!
There are monsters nearby!
You are feeling hungry.
Something bites the plant!
The swamp worm bites the plant! x2
Something bites the plant!
The plant is destroyed!
Aim: a swamp worm Your line of fire to the swamp worm is blocked by a plant.
Continue anyway?
The puff of flame hits the plant.
The plant appears unharmed.
The plant is engulfed in a cloud of scalding steam.
The swamp worm bites the plant!
A swamp worm comes into view.
You start waiting.
The swamp worm is too close now for your liking.
Aim: a swamp worm The puff of flame hits the swamp worm.
The swamp worm is engulfed in a cloud of scalding steam.
You closely miss the swamp worm.
The swamp worm is stunned by your will and fails to attack.
You completely miss the swamp worm.
The swamp worm throws harpoon shot at you.
You block the harpoon shot.
You barely miss the swamp worm. The swamp worm bites you!
The swamp worm throws harpoon shot at you.
The harpoon shot hits you!
You feel threatened and lose the ability to read scrolls!
You are yanked forward by the harpoon shot.
You take 33 damage, and have 48/81 hp.
MASSIVE DAMAGE!!
The swamp worm bites you!!
* * * LOW HITPOINT WARNING * * *
The swamp worm throws harpoon shot at you.
The harpoon shot hits you!
* * * LOW HITPOINT WARNING * * *
You are yanked forward by the harpoon shot.
The swamp worm begins to attack, but is stunned by your will!
You take 29 damage, and have 19/81 hp.
MASSIVE DAMAGE!!
You block the swamp worm's attack.
The swamp worm throws harpoon shot at you.
The harpoon shot hits you!
* * * LOW HITPOINT WARNING * * *
You are yanked forward by the harpoon shot.
You take 11 damage, and have 8/81 hp.
You block the swamp worm's attack. x2
The swamp worm begins to attack, but is stunned by your will!
You cannot read scrolls in your current state!
You feel your flesh rotting away.
Okay, then.
You feel yourself speed up. The swamp worm bites you!!
You die...

# #.# # #.#
###.######
##..≈≈≈≈≈≈≈
##≈≈≈≈≈≈≈≈≈≈≈#####
.≈≈≈#######≈≈w.ww#
.≈≈## #P≈≈##w# .≈≈#
≈≈≈≈≈ #w# #≈≈# ≈≈#≈≈≈
#@# #≈≈≈ #
#≈≈≈##.#### ##≈≈≈≈
≈≈≈≈.......# ##+≈≈
≈≈#.###.##.# ##.....
.##.# #.##.# #.....##
...###.##.# .......##
#..##.##.#
........####...#.##.#
........'........##.#


You could see 4 swamp worms.

Vanquished Creatures
  A human (D:6)
  The ghost of SnubMonkey the Scratcher, an amateur FeTm (D:5)
  A yak (D:7)
  3 hogs
  An orc warrior (D:6)
  2 sky beasts
  2 ogres
  2 centaurs (D:5)
  Blork the orc (D:5)
  3 bullfrogs
  A scorpion (D:5)
  9 killer bees (D:8)
  A howler monkey (D:5)
  A crimson imp (D:5)
  4 hounds
  A centaur zombie (D:6)
  3 orc priests
  A centaur skeleton (D:4)
  A jelly (D:6)
  An orc wizard (D:6)
  3 bullfrog skeletons
  2 iguanas
  A worker ant (D:8)
  Robin (D:3)
  7 gnolls
  8 adders
  A worm (D:2)
  2 dart slugs
  4 leopard geckos
  3 orcs
  A ball python (D:1)
  7 giant cockroaches
  19 goblins
  10 hobgoblins
  18 jackals
  5 bats
  2 frilled lizards
  A giant cockroach zombie (D:5)
  A jackal zombie (D:5)
  9 kobolds
  6 rats
151 creatures vanquished.

Vanquished Creatures (others)
  7 plants
7 creatures vanquished.

Grand Total: 158 creatures vanquished

Notes
Turn   | Place    | Note
-------+----------+-------------------------------------------
     0 | D:1      | 8fpsbossfight the Ghoul Monk began the quest for the Orb.
     0 | D:1      | Reached XP level 1. HP: 19/19 MP: 0/0
    89 | D:1      | Reached XP level 2. HP: 26/26 MP: 1/1
   305 | D:1      | Reached skill level 4 in Unarmed Combat
   428 | D:1      | Reached XP level 3. HP: 26/33 MP: 2/2
  1902 | D:2      | Found a snail-covered altar of Cheibriados.
  2254 | D:3      | Reached XP level 4. HP: 40/40 MP: 3/3
  2473 | D:3      | Reached skill level 5 in Unarmed Combat
  2652 | D:3      | Found a basalt altar of Yredelemnul.
  2750 | D:3      | Found a white marble altar of Elyvilon.
  3004 | D:3      | Noticed Robin
  3060 | D:3      | Killed Robin
  3060 | D:3      | Reached XP level 5. HP: 33/47 MP: 4/4
  3515 | D:4      | Noticed an ogre
  3518 | D:4      | Killed an ogre
  3518 | D:4      | Reached skill level 6 in Unarmed Combat
  3697 | D:4      | Found a hazy altar of Hepliaklqana.
  3719 | D:4      | Reached XP level 6. HP: 55/55 MP: 5/5
  3821 | D:4      | Found an ancient bone altar of Kikubaaqudgha.
  3888 | D:4      | Reached skill level 5 in Fighting
  3985 | D:5      | Entered Level 5 of the Dungeon
  4053 | D:5      | Found a staircase to the Ecumenical Temple.
  4057 | D:5      | Found a glowing golden altar of the Shining One.
  4120 | D:5      | Found a runed gate.
  4120 | D:5      | Found a runed gate.
  4120 | D:5      | Found a runed gate.
  4120 | D:5      | Noticed SnubMonkey's ghost (amateur FeTm)
  4145 | D:5      | Found a radiant altar of Vehumet.
  4152 | D:5      | Reached skill level 7 in Unarmed Combat
  4152 | D:5      | Reached XP level 7. HP: 49/61 MP: 6/6
  4490 | D:5      | Noticed Blork the orc
  4507 | D:5      | Killed Blork the orc
  4677 | D:5      | Reached skill level 8 in Unarmed Combat
  5023 | D:5      | Reached XP level 8. HP: 21/71 MP: 7/7
  5249 | D:5      | Found a bloodstained altar of Trog.
  5356 | D:5      | Killed SnubMonkey's ghost
  5425 | Temple   | Entered the Ecumenical Temple
  5549 | Temple   | Became a worshipper of Ru the Awakened
  5561 | D:5      | Gained mutation: You cannot read scrolls while threatened. [Ru sacrifice]
  5561 | D:5      | Reached * piety under Ru
  5650 | D:6      | Reached skill level 9 in Unarmed Combat
  6112 | D:6      | Found a stormy altar of Qazlal.
  6693 | D:6      | Reached skill level 10 in Unarmed Combat
  7057 | D:7      | Reached XP level 9. HP: 72/80 MP: 8/8
  7092 | D:7      | Found a shimmering altar of Xom.
  7094 | D:7      | Found a sacrificial altar of Ru.
  7094 | D:7      | Found an opulent altar of Gozag.
  7096 | D:7      | Found a shimmering altar of Xom.
  7096 | D:7      | Found a deep blue altar of Sif Muna.
  7096 | D:7      | Found a hazy altar of Hepliaklqana.
  7148 | D:7      | Found a burning altar of Makhleb.
  7155 | D:7      | Reached skill level 1 in Armour
  7155 | D:7      | Reached skill level 1 in Shields
  8029 | D:7      | Found a deep blue altar of Sif Muna.
  8341 | D:8      | Gained mutation: You are sensitive to extremes of temperature. (rF-, rC-) [Ru sacrifice]
  8341 | D:8      | Reached ** piety under Ru
  8341 | D:8      | Reached *** piety under Ru
  9222 | D:8      | Found the +8 frozen axe "Frostbite" {freezing cloud, *Noise +Fly rC+}
  9273 | D:8      | Mangled by a swamp worm

Vault maps used:
D:1:      nzn_arrival_water_spiral
D:2:      cheibriados_altar_1
D:3:      kennysheep_goblin_castle, kennysheep_ying_yang
D:4:      kennysheep_mini, overflow_temple_1_default
D:5:      bloody_trog, vehumet_altar_wand_db, tso_metal_star, temple_statues,
          ebering_ghost_rock_garden, first_ration, serial_bayou_lagoon_a,
          uniq_blork_the_orc
D:6:      nicolae_overflow_hidden_temple
D:7:      doesnt_xom_only_xom, led_sif_pool, makhleb_heckhound_becter,
          grunt_livestock
D:8:      worms_lemuel
Temple:   nicolae_temple_figure_zero

Skill      XL: |  1  2  3  4  5  6  7  8  9 |
---------------+----------------------------+-----
Unarmed Combat | 4 5 6 7 8 10 | 10.0
Fighting       | 4 5 6 8 |  8.0
Armour         | 4 |  4.0
Dodging        | 4 |  4.0
Shields        | 4 |  4.0
Stealth        | |  2.1

Action                   |  1- 3 |  4- 6 |  7- 9 || total
-------------------------+-------+-------+-------++-------
Melee: Unarmed           |   141 |   158 |   241 ||   540
       Punch             |     2 |     4 |     3 ||     9
Invok: Sacrifice Words   |       |       |     1 ||     1
       Sacrifice Resista |       |       |     1 ||     1
Evoke: Wand              |       |     5 |    31 ||    36
  Use: Potion            |       |       |     2 ||     2
 Stab: Sleeping          |     4 |     1 |     1 ||     6
       Distracted        |       |       |     1 ||     1
       Invisible         |       |       |     1 ||     1
  Eat: Chunk             |     7 |     7 |    17 ||    31
       Ration            |       |       |     1 ||     1
Armor: Robe              |     9 |       |       ||     9
       Chain mail        |    28 |       |       ||    28
       Ring mail         |    12 |    57 |    50 ||   119
Dodge: Dodged            |    69 |    84 |    95 ||   248
Block: Shield            |       |       |    83 ||    83

Table legend:
 A = Spawn XP
 B = Non-spawn XP
 C = Spawn XP percentage of total XP
 D = Spawn monster count
 E = Non-spawn monster count
 F = Spawn count percentage of total count
 G = Total turns spent on level
                    A         B        C        D         E        F      G
               +---------+---------+-------+---------+---------+-------+---------
         Total |       0 |    4084 |   0.0 |       0 |     151 |   0.0 |  9273
               +---------+---------+-------+---------+---------+-------+---------
           D:1 |       0 |      50 |   0.0 |       0 |      28 |   0.0 |  1414
           D:2 |       0 |      20 |   0.0 |       0 |      11 |   0.0 |   600
           D:3 |       0 |     112 |   0.0 |       0 |      39 |   0.0 |  1491
           D:4 |       0 |     220 |   0.0 |       0 |       9 |   0.0 |   689
           D:5 |       0 |    1027 |   0.0 |       0 |      21 |   0.0 |  1443
           D:6 |       0 |    1156 |   0.0 |       0 |      22 |   0.0 |  1549
           D:7 |       0 |     872 |   0.0 |       0 |       9 |   0.0 |   917
           D:8 |       0 |     627 |   0.0 |       0 |      12 |   0.0 |  1036
               +---------+---------+-------+---------+---------+-------+---------
